 Dungeon Crawl Stone Soup version 0.28-a0-313-gbc0475efdd (webtiles) character file.

Game seed: 10532673045128227941

58 kae the Skirmisher (level 3, -2/34 HPs)
             Began as a Minotaur Fighter on Aug 31, 2021.
             Slain by Natasha (4 damage)
             ... on level 2 of the Dungeon.
             The game lasted 00:00:32 (1380 turns).

kae the Skirmisher (Minotaur Fighter)               Turns: 1380, Time: 00:00:33

Health: -2/34      AC:  6    Str: 21    XL:     3   Next: 75%
Magic:  2/2        EV:  7    Int:  5    God:
Gold:   82         SH:  8    Dex:  9    Spells: 2/2 levels left

rFire   . . .      SeeInvis .   a - +1 long sword
rCold   . . .      Faith    .   c - +0 kite shield
rNeg    . . .      Spirit   .   b - +0 scale mail
rPois   .          Reflect  .   (helmet restricted)
rElec   .          Harm     .   (no cloak)
rCorr   .          Rampage  .   (no gloves)
Will    .....                   (no boots)
Stlth   ..........              (no amulet)
HPRegen 0.11/turn               (no ring)
MPRegen 0.08/turn               (no ring)

@: no status effects
A: horns 2, retaliatory headbutt
a: no special abilities


You were on level 2 of the Dungeon.
You visited 1 branch of the dungeon, and saw 2 of its levels.

You collected 82 gold pieces.

Inventory:

Hand Weapons
 a - a +1 long sword (weapon)
Missiles
 e - a throwing net (quivered)
Armour
 b - a +0 scale mail (worn)
 c - a +0 kite shield (worn)
Potions
 d - a potion of might
 f - 2 potions of flight
 g - 2 potions of lignification {unknown}
 h - a potion of brilliance {unknown}


   Skills:
 + Level 4.4 Fighting
 * Level 4.4 Long Blades
 - Level 3.6 Armour
 - Level 3.6 Shields


You had 2 spell levels left.
You didn't know any spells.
Your spell library was empty.

Dungeon Overview and Level Annotations

Branches:
Dungeon (2/15)

Altars:

Annotations:
D:2 Natasha


Innate Abilities, Weirdness & Mutations

You have a pair of horns on your head.
You reflexively headbutt those who attack you in melee.


Message History

You hit Natasha.
Natasha is moderately wounded.
Natasha claws you.
You barely miss Natasha. Your headbutt misses Natasha.
Natasha is moderately wounded.
Natasha claws you.
There are monsters nearby!
You are too injured to fight recklessly!
You are too injured to fight recklessly!
You are too injured to fight recklessly!
You are too injured to fight recklessly!
You are too injured to fight recklessly!
You are too injured to fight recklessly!
You hit Natasha.
Natasha is severely wounded.
You block the white imp's attack.
Natasha mumbles some strange words.
The white imp hits you but does no damage.
Natasha claws you.
You closely miss Natasha.
Natasha is severely wounded.
The white imp hits you but does no damage.
Natasha claws you but does no damage.
You barely miss Natasha. You headbutt Natasha, but do no damage.
Natasha is severely wounded.
The white imp barely misses you. Natasha barely misses you.
You hit Natasha.
Natasha is severely wounded.
Natasha claws you but does no damage. Natasha closely misses you.
You barely miss Natasha.
Natasha is severely wounded.
Natasha casts a spell at you. The magic dart hits you!
* * * LOW HITPOINT WARNING * * *
The iron imp hits you.
* * * LOW HITPOINT WARNING * * *
You closely miss Natasha. You headbutt Natasha.
Natasha is almost dead.
Natasha claws you.
You die...

..........# ..........#
..........# ## ###
..........# ###. ....#
#........####...######.....
..........##...............
.........[##.............(.
..........##...5...........
...........#..5h@..........
..........'###.###'........
#........##..###..#........
##.......##...8...#........
#######.###.....##.......#
#.. #.._.8##.####### ##.
#.....##.# .#...8...#.#
#..###..#.#


You could see an iron imp (summoned), Natasha and a white imp (summoned).

Vanquished Creatures
  3 gnolls
  A worm (D:2)
  5 endoplasms
  3 giant cockroaches
  2 hobgoblins (D:1)
  2 quokkas (D:1)
  2 bats (D:1)
  2 frilled lizards (D:1)
  A goblin (D:1)
  2 kobolds
  A rat (D:2)
24 creatures vanquished.

Notes
Turn   | Place    | Note
-------+----------+-------------------------------------------
     0 | D:1      | kae the Minotaur Fighter began the quest for the Orb.
     0 | D:1      | Reached XP level 1. HP: 19/19 MP: 0/0
   243 | D:1      | Reached XP level 2. HP: 13/27 MP: 1/1
  1063 | D:2      | Reached XP level 3. HP: 21/33 MP: 2/2
  1336 | D:2      | Found a faded altar of an unknown god.
  1366 | D:2      | Noticed Natasha
  1380 | D:2      | Slain by Natasha

Illustrated notes

Levels and vault maps discovered:
D:1:      dpeg_arrival_lava_temple_mockup, layout_loops_cross, minmay_unequal
D:2:      layout_rooms, serial_curves, eino_curves_04, eino_curves_03,
          eino_curves_04, hellmonk_ecumenical_altar_slurped_away, uniq_natasha

Skill      XL: |  1  2 |
---------------+-------+-----
Long Blades    | 3 4 |  4.4
Fighting       | 4 |  4.4
Armour         | |  3.6
Shields        | |  3.6

Action                   || total
-------------------------++-------
Melee: Long sword        ||    70
       Headbutt          ||     9
  Use: Scroll            ||     2
Armor: Scale mail        ||    35
Dodge: Dodged            ||    26
Block: Kite shield       ||    22

Table legend: (Time is in decaauts)
 A = Elapsed time spent in this place.
 B = Non-inter-level travel time spent in this place.
 C = Inter-level travel time spent in this place.
 D = Time resting spent in this place.
 E = Time spent auto-exploring this place.
 F = Levels seen in this place.
 G = Mean time per level.
                   A        B        C        D        E       F      G
               +--------+--------+--------+--------+--------+-----+--------+
         Total |   1412 |   1328 |     84 |    181 |    961 |   2 |  706.0 |
       Dungeon |   1412 |   1328 |     84 |    181 |    961 |   2 |  706.0 |
               +--------+--------+--------+--------+--------+-----+--------+

Top non-repeatable levels by time:
     D:1: 1232 daAuts
     D:2: 180 daAuts
